 Dungeon Crawl Stone Soup version 0.29.1-1-gd02db6906a (webtiles) character file.

Game seed: 1039991396411523165

9459 lmSkywalker the Summoner (level 11, 0/62 HPs)
             Began as a Tengu Summoner on Sept 17, 2022.
             Was an Initiate of Gozag.
             Slain by a cane toad (14 damage)
             ... on level 1 of the Lair of Beasts.
             The game lasted 01:24:15 (19110 turns).

lmSkywalker the Summoner (Tengu Summoner)          Turns: 19110, Time: 01:24:16

Health: 0/62       AC:  3    Str:  8    XL:     11   Next: 46%
Magic:  11/23      EV: 21    Int: 17    God:    Gozag
Gold:   1217       SH:  6    Dex: 18    Spells: 8/24 levels left

rFire   . . .      SeeInvis .   G - +9 quick blade
rCold   + . .      Faith    .   j - +0 buckler
rNeg    . . .      Spirit   .   O - +0 leather armour
rPois   .          Reflect  .   (helmet restricted)
rElec   .          Harm     .   (no cloak)
rCorr   .          Rampage  .   (no gloves)
Will    .....                   (boots unavailable)
Stlth   +++.......              (no amulet)
HPRegen 0.20/turn               r - ring of protection from cold
MPRegen 0.18/turn               M - +4 ring of evasion

@: gold aura, flying quickly and evasively, quick
A: beak, talons 3, nimble flight
a: Renounce Religion, Potion Petition, Call Merchant, Bribe Branch


You were on level 1 of the Lair of Beasts.
You worshipped Gozag.
Gozag was most pleased with you.
You visited 2 branches of the dungeon, and saw 11 of its levels.
You also visited: Sewer.

You collected 2017 gold pieces.
You spent 741 gold pieces at shops.
You paid 59 gold pieces to Gozag.

Inventory:

Hand Weapons
 G - a +9 quick blade (weapon)
Armour
 a - a +0 robe
 j - a +0 buckler (worn)
 t - an orb of light
 N - a +1 ring mail of fire resistance
 O - a +0 leather armour (worn)
Magical Staves
 y - a staff of death
Jewellery
 h - a ring of fire
 r - a ring of protection from cold (left hand)
 E - a ring of poison resistance
 M - a +4 ring of evasion (right hand)
Wands
 w - a wand of flame (5)
 z - a wand of roots (7)
 L - a wand of charming (6)
Scrolls
 c - 3 scrolls of blinking
 d - a scroll of fear
 e - a scroll of noise {unknown}
 f - a scroll of summoning {unknown}
 g - a scroll of silence {unknown}
 k - 5 scrolls of teleportation
 n - a scroll of enchant armour {unknown}
 o - 4 scrolls of magic mapping
 p - 5 scrolls of enchant weapon
 v - a scroll of poison {unknown}
 C - 3 scrolls of fog
 H - a scroll of amnesia {unknown}
 I - a scroll of immolation {unknown}
 J - a scroll of torment {unknown}
Potions
 b - 3 potions of magic
 i - 4 potions of curing
 l - 3 potions of attraction
 m - 2 potions of ambrosia
 q - 3 potions of berserk rage
 s - a potion of mutation
 u - a potion of heal wounds
 x - 4 potions of lignification
 A - 3 potions of might
 B - 2 potions of cancellation
 D - a potion of resistance {unknown}
 F - a potion of experience {unknown}
 K - a potion of haste {unknown}


   Skills:
 + Level 4.9 Fighting
 + Level 3.5 Armour
 - Level 6.9 Dodging
 - Level 5.0 Stealth
 - Level 5.0 Shields
 - Level 7.3 Spellcasting
 - Level 4.2 Hexes
 - Level 10.0 Summonings
 - Level 9.0 Air Magic


You had 8 spell levels left.
You knew the following spells:

 Your Spells              Type           Power      Damage    Failure   Level
a - Summon Small Mammal   Summ           100%       N/A       1%          1
b - Call Imp              Summ           40%        N/A       1%          2
c - Call Canine Familiar  Summ           40%        N/A       1%          3
d - Summon Lightning Spi  Summ/Air       38%        N/A       4%          4
e - Summon Guardian Gole  Hex/Summ       30%        N/A       3%          3
f - Confusing Touch       Hex            20%        N/A       11%         3

Your spell library contained the following spells:

 Spells                   Type           Power      Damage    Failure   Level
 Slow                     Hex            80%        N/A       3%          1
 Beastly Appendage        Tmut           12%        N/A       21%         1
 Wereblood                Tmut           6%         N/A       30%         2
 Spider Form              Tmut/Pois      6%         N/A       52%         3
 Vampiric Draining        Necr           6%         2d6       52%         3


Dungeon Overview and Level Annotations

Branches:
Dungeon (10/15)            Temple (0/1) D:5            Lair (1/5) D:8
  Sewer (visited)
    Orc: D:9-12

Altars:
Dithmenos
Gozag
Hepliaklqana
Okawaru
Trog
Vehumet
Xom
Zin

Shops:
D:2 :   D:3 =   D:7 (   D:10 =

Annotations:
D:5 exclusions: door, phantom and 1 more exclusion
D:7 1 exclusion, Dowan
D:9 exclusions: killer bee and 2 more exclusions
D:10 exclusions: two-headed ogre and ugly thing


Innate Abilities, Weirdness & Mutations

You have a beak for a mouth.
You have claws for feet.
Your magical nature lets you fly swiftly and evasively.


Message History

Your lightning spire shoots out a bolt of lightning at the wolf!
The bolt of electricity hits the wolf!
The wolf dies!
Your quokka bites the cane toad but does no damage.
You feel much better. The wolf closely misses you.
Your hound bites the cane toad.
The cane toad completely misses you.
Your crimson imp misses the wolf.
The wolf bites you.
Your quokka bites the cane toad but does no damage.
Your hound bites the cane toad.
You hit the wolf.
The wolf is almost dead.
The wolf closely misses you. You block the cane toad's attack.
Your hound bites the cane toad.
Your crimson imp hits the wolf but does no damage.
Your quokka closely misses the cane toad.
You hit the wolf. Your kick misses the wolf.
You peck the wolf, but do no damage.
The wolf is almost dead.
The wolf closely misses you. You block the cane toad's attack.
Your hound barely misses the cane toad.
Your crimson imp hits the wolf.
The wolf dies!
Your quokka closely misses the cane toad.
Casting: Summon Small Mammal (safe; 1% risk of failure)
Confirm with . or Enter, or press ? or * to list all spells.
Your hound bites the cane toad but does no damage.
The cane toad stings you!
* * * LOW HITPOINT WARNING * * *
You are lethally poisoned!
The cane toad poisons you!
Your quokka barely misses the cane toad.
Your crimson imp closely misses the cane toad.
You feel better.
Your hound bites the cane toad but does no damage.
You block the cane toad's attack.
Your quokka bites the cane toad but does no damage.
Your hound bites the cane toad but does no damage.
Your crimson imp blinks!
The cane toad stings you!
You die...
Your body crumbles into a pile of gold.

.# #.. ..# #..
..# . ... ..#
..##.#####..#
............##
.............#
.......$rr..##
.......hF@...#
.....8$.....##
.............#
............##
#+##5####+...#
... #.## .. .#
... ..


You could see a cane toad (ally target), a friendly lightning spire (summoned),
a friendly hound (summoned), a friendly crimson imp (summoned) and 2 friendly
quokkas.

Vanquished Creatures
  A troll (D:9)
  A shadow (D:5)
  3 yaks (D:8)
  A water moccasin (D:8)
  An orc warrior (D:9)
  An ice beast (D:5)
  A wolf (Lair:1)
  2 centaurs
  2 scorpions
  3 electric eels (D:7)
  An iguana (D:5)
  An adder (D:3)
  A river rat (Sewer)
  A white imp (D:8)
  3 orcs
  A ball python (D:1)
  2 giant cockroaches
  A goblin (D:2)
  2 hobgoblins
  3 bats (D:1)
  3 kobolds
  2 rats (D:1)
37 creatures vanquished.

Vanquished Creatures (collateral kills)
  Grinder (D:6)
  A hornet (D:7)
  A wyvern (D:8)
  15 yaks
  Eustachio (D:6)
  A steam dragon (D:10)
  3 vampire mosquitoes (D:10)
  2 basilisks (D:8)
  4 water moccasins
  3 orc warriors
  2 black bears (D:6)
  An ice beast (D:7)
  A sky beast (D:7)
  2 ogres (D:5)
  2 wolves (Lair:1)
  A centaur (D:9)
  9 kobold brigands
  2 bullfrogs
  5 scorpions
  2 necrophages
  A gnoll sergeant (D:5)
  6 wights
  A killer bee (D:8)
  An electric eel (D:7)
  3 howler monkeys
  2 jellies
  3 orc priests
  5 hounds
  Natasha (thrice) (D:3)
  3 gnoll boudas
  6 iguanas
  4 orc wizards
  Robin (D:2)
  9 adders
  10 gnolls
  A river rat (Sewer)
  A white imp (D:5)
  4 worms (Sewer)
  A dart slug (D:2)
  28 orcs
  5 endoplasms
  2 giant cockroaches
  11 goblins
  2 hobgoblins
  3 jackals (D:1)
  5 quokkas
  12 ball pythons
  5 bats
  2 frilled lizards (D:1)
  17 kobolds
  9 rats
225 creatures vanquished.

Vanquished Creatures (others)
  A bush (D:8)
  62 plants
63 creatures vanquished.

Grand Total: 325 creatures vanquished

Notes
Turn   | Place    | Note
-------+----------+-------------------------------------------
     0 | D:1      | lmSkywalker the Tengu Summoner began the quest for the Orb.
     0 | D:1      | Reached XP level 1. HP: 10/10 MP: 4/4
   115 | D:1      | Reached skill level 5 in Summonings
   390 | D:1      | Reached XP level 2. HP: 15/15 MP: 1/6
   591 | D:1      | Learned a level 2 spell: Call Imp
   818 | D:1      | Reached XP level 3. HP: 17/19 MP: 7/7
  1072 | D:1      | Learned a level 3 spell: Call Canine Familiar
  1147 | D:2      | Noticed Robin
  1550 | D:2      | Reached XP level 4. HP: 24/24 MP: 4/9
  1962 | D:2      | Reached skill level 6 in Summonings
  2444 | D:2      | Found Wall's Book Emporium.
  2482 | D:2      | Killed Robin
  2625 | D:2      | Found a faded altar of an unknown god.
  2836 | D:3      | Noticed Natasha
  2867 | D:3      | Killed Natasha
  2868 | D:3      | Gained mutation: Your magical nature lets you fly swiftly
                  | and evasively. [Tengu growth]
  2868 | D:3      | Reached XP level 5. HP: 26/28 MP: 4/11
  2873 | D:3      | Learned a level 4 spell: Summon Lightning Spire
  3335 | D:3      | Noticed Natasha
  3357 | D:3      | Killed Natasha
  3358 | D:3      | Reached skill level 1 in Air Magic
  3873 | D:3      | Found Ytops's Jewellery Emporium.
  4501 | D:3      | Found an opulent altar of Gozag.
  4510 | D:3      | Became a worshipper of Gozag Ym Sagoz the Greedy
  4555 | D:3      | Reached XP level 6. HP: 32/32 MP: 7/13
  4661 | D:3      | Noticed Natasha
  4965 | D:3      | Killed Natasha
  5399 | D:3      | Reached skill level 7 in Summonings
  5795 | D:3      | Found Ytops's Jewellery Emporium.
  6046 | D:3      | Found an opulent altar of Gozag.
  6276 | D:4      | Found a glowing drain.
  6350 | Sewer    | Entered a sewer
  6621 | Sewer    | Reached XP level 7. HP: 36/36 MP: 10/14
  7383 | Sewer    | Reached skill level 8 in Summonings
  7383 | Sewer    | Reached skill level 5 in Air Magic
  7535 | Sewer    | Reached XP level 8. HP: 41/41 MP: 9/16
  7860 | D:4      | Reached skill level 9 in Summonings
  8045 | D:4      | Identified the +2 pair of boots of Honour {rElec rF- rC+++
                  | Dex+4}
  8401 | D:5      | Entered Level 5 of the Dungeon
  8505 | D:5      | Found a staircase to the Ecumenical Temple.
  9002 | D:5      | Reached skill level 10 in Summonings
  9038 | D:5      | Noticed a shadow
  9391 | D:5      | Killed a shadow
  9392 | D:5      | Reached XP level 9. HP: 40/45 MP: 7/17
 10370 | D:5      | Learned a level 3 spell: Summon Guardian Golem
 10374 | D:5      | Learned a level 3 spell: Confusing Touch
 10450 | D:6      | Reached skill level 1 in Fighting
 10649 | D:6      | Found a radiant altar of Vehumet.
 10736 | D:6      | Noticed Eustachio
 10758 | D:6      | Reached skill level 5 in Spellcasting
 10767 | D:6      | Killed Eustachio
 11177 | D:6      | Noticed Grinder
 11204 | D:6      | Killed Grinder
 11205 | D:6      | Reached skill level 1 in Hexes
 11619 | D:6      | Found an iron altar of Okawaru.
 11892 | D:6      | Found a bloodstained altar of Trog.
 12236 | D:7      | Found Duoq's Weapon Boutique.
 12242 | D:7      | Bought a +8 quick blade for 741 gold pieces
 12458 | D:7      | Reached XP level 10. HP: 24/54 MP: 8/19
 14338 | D:7      | Noticed Dowan
 15166 | D:8      | Found a shadowy altar of Dithmenos.
 15613 | D:8      | Reached skill level 5 in Dodging
 15621 | D:8      | Reached skill level 5 in Stealth
 15621 | D:8      | Reached skill level 5 in Shields
 16153 | D:8      | Reached XP level 11. HP: 35/60 MP: 8/22
 16560 | D:8      | Found a staircase to the Lair.
 17253 | D:9      | Found a shimmering altar of Xom.
 17254 | D:9      | Found a hazy altar of Hepliaklqana.
 18236 | D:9      | Reached skill level 1 in Armour
 18519 | D:10     | Entered Level 10 of the Dungeon
 18519 | D:10     | Found Deixaq's Jewellery Emporium.
 18609 | D:10     | Noticed a cyan ugly thing
 18873 | D:10     | Noticed a two-headed ogre
 18884 | D:10     | Noticed a tengu warrior
 18961 | D:10     | Found a glowing silver altar of Zin.
 19090 | Lair:1   | Entered Level 1 of the Lair of Beasts
 19104 | Lair:1   | HP: 1/62 [cane toad (15)]
 19110 | Lair:1   | Slain by a cane toad

Illustrated notes

Levels and vault maps discovered:
D:1:      matt_arrival_grand_opening, layout_rooms, minmay_misc_feat_iff,
          minmay_surrounded
D:2:      layout_basic, ebering_ecumenical_altar_hall, serial_shops, shop,
          minivault_19, uniq_robin
D:3:      cheibrodos_old_hovel, layout_basic, mainiacjoe_overflow_alcove_2,
          serial_shops, nicolae_diamond_shop,
          nicolae_concentric_dashed_squares_wild, ebering_dispersal_statue_hall,
          minivault_27, uniq_natasha
D:4:      layout_loops_ring, cheibrodos_sewer_entry_drain
D:5:      minmay_clustersquares, layout_loops_ring, temple_hall
D:6:      layout_loops_cross, trog_book, mainiacjoe_overflow_six_doors_small,
          okawaru_metal_pillars_3, kennysheep_generic_room_10, uniq_eustachio,
          uniq_grinder
D:7:      layout_cave_pods, serial_shops, shop, serial_bayou,
          serial_bayou_ford_a, serial_bayou_pond_d, serial_bayou_pond_e,
          serial_bayou_pond_b, serial_bayou_pond_c, serial_bayou_pond_d,
          uniq_duvessa
D:8:      layout_loops_ring, nicolae_dithmenos_through_a_glass_darkly,
          minmay_lair_entry_grove
D:9:      layout_basic, regret_index_temple_of_mockery, tgw_sif
D:10:     kennysheep_blocky_room, layout_irregular_city, zin_academy,
          orc_0_dummy, serial_shops, nicolae_shop_overgrown_old_shop,
          nicolae_shop_statue_plus, nicolae_stop_n_shop_1, shop,
          statue_in_the_mist_lemuel, minivault_20, minmay_misc_feat_square,
          minivault_25
Lair:1:   layout_regular_city, chequers_serial_rivers_micro_d,
          grunt_megastairs_1, uniq_urug

Skill      XL: |  1  2  3  4  5  6  7  8  9 10 11 |
---------------+----------------------------------+-----
Summonings     | 5 6 7 8 10 | 10.0
Spellcasting   | 3 4 5 6 7 |  7.3
Air Magic      | 2 3 5 8 9 |  9.0
Shields        | 2 4 5 |  5.0
Fighting       | 2 3 4 |  4.9
Dodging        | 4 6 |  6.9
Stealth        | 3 5 |  5.0
Hexes          | 1 3 4 |  4.2
Armour         | 3 |  3.5

Action                   |  1- 3 |  4- 6 |  7- 9 | 10-12 || total
-------------------------+-------+-------+-------+-------++-------
Melee: Dagger            |    26 |    29 |       |       ||    55
       Unarmed           |     2 |       |       |       ||     2
       Kick              |     4 |    12 |    14 |    20 ||    50
       Peck              |     3 |     4 |     5 |    10 ||    22
       Rapier            |       |    15 |    13 |       ||    28
       Short sword       |       |       |    25 |       ||    25
       Quick blade       |       |       |     2 |    57 ||    59
 Fire: Shortbow          |     5 |       |       |       ||     5
 Cast: Summon Small Mamm |    41 |    68 |    92 |    22 ||   223
       Call Imp          |    10 |    30 |    37 |    22 ||    99
       Call Canine Famil |       |    12 |    39 |    36 ||    87
       Summon Lightning  |       |       |    18 |    42 ||    60
       Summon Guardian G |       |       |       |     3 ||     3
Evoke: Wand              |       |       |       |     3 ||     3
  Use: Scroll            |       |     7 |     3 |     6 ||    16
       Potion            |       |       |     1 |     3 ||     4
 Stab: Sleeping          |     1 |       |       |       ||     1
       Distracted        |       |       |     1 |     2 ||     3
Armor: Robe              |    10 |     6 |     1 |     1 ||    18
       Leather armour    |       |       |       |     1 ||     1
Dodge: Dodged            |    27 |    55 |    40 |    67 ||   189
Block: Buckler           |       |       |       |    17 ||    17
